Map: Frozen Temple

Players

Vincent

  • Race: Zerg Zerg
  • League: Grandmaster

Miszu - Winner!

  • Race: Terran Terran
  • League: Grandmaster

VOD

Have the link to the VOD?

Description

Time

  • Played on: May 18, 2016, 11:40 a.m.
  • Length: 24:28
Show
View Real Time Build Order
Export as new Build Order

Vincent Zerg 

Build Orders: Hatch First 

Get SALT Encoding   

  12  0:00  Drone  
  13  0:13  Overlord  
  13  0:17  Drone  
  14  0:32  Drone x2  
  16  0:39  Drone  
  17  0:51  Hatchery  
  17  0:54  Drone  
  17  0:58  Drone  
  18  1:09  Extractor  
  17  1:13  Spawning Pool  
  17  1:16  Drone  
  17  1:19  Drone  
  18  1:28  Drone  
  19  1:40  Overlord  
  19  1:50  Drone  
  20  2:00  Queen  
  22  2:01  Zergling x2  
  22  2:03  Queen  
  22  2:04  Zergling x2  
  26  2:08  Metabolic Boost  
  26  2:11  Zergling x2  
  27  2:17  Drone  
  28  2:28  Drone x2, Spore Crawler  
  29  2:35  Extractor  
  28  2:39  Overlord, Queen  
  32  2:45  Overlord  
  32  2:46  Drone x2  
  34  2:54  Drone  
  35  2:59  Drone  
  36  3:05  Drone  
  36  3:07  Drone  
  38  3:13  Overlord  
  38  3:14  Drone x5  
  43  3:22  Drone  
  44  3:31  Hatchery  
  43  3:38  Drone  
  43  3:39  Roach Warren, Drone x2  
  45  3:46  Overlord  
  45  3:47  Overlord  
  45  3:48  Drone x2  
  45  3:53  Spore Crawler  
  46  3:56  Queen  
  48  4:04  Drone  
  48  4:05  Extractor, Drone x3  
  51  4:13  Spore Crawler  
  50  4:18  Roach x2  
  50  4:19  Roach x2  
  58  4:29  Drone  
  58  4:30  Lair  
  59  4:31  Queen  
  61  4:42  Spore Crawler  
  60  4:47  Drone x8  
  68  4:57  Spore Crawler  
  67  5:00  Drone x2, Evolution Chamber  
  67  5:02  Drone x4  
  67  5:03  Evolution Chamber  
  71  5:12  Overlord  
  71  5:19  Drone x3  
  72  5:22  Drone  
  72  5:23  Drone  
  72  5:24  Drone x4  
  78  5:28  Extractor  
  78  5:29  Overlord x2  
  78  5:33  Zerg Melee Weapons Level 1  
  78  5:34  Extractor x2  
  75  5:35  Overseer  
  75  5:38  Zerg Ground Armor Level 1  
  75  5:41  Drone  
  75  5:42  Drone  
  77  5:43  Extractor, Drone  
  77  5:44  Drone  
  77  5:45  Drone x2  
  80  5:55  Ravager  
  80  5:56  Ravager  
  82  5:58  Roach  
  82  6:02  Roach  
  82  6:03  Zergling x8  
  90  6:14  Drone  
  90  6:15  Spore Crawler  
  90  6:16  Drone  
  91  6:21  Spore Crawler  
  85  6:37  Overlord  
  85  6:39  Drone x2  
  85  6:42  Hydralisk Den  
  85  6:44  Drone x3  
  84  6:50  Drone x13  
  96  7:00  Hatchery  
  92  7:06  Drone x2  
  94  7:11  Overlord, Hydralisk  
  94  7:12  Hydralisk x4, Muscular Augments  
  104  7:15  Overseer  
  104  7:20  Pneumatized Carapace  
  104  7:26  Hydralisk  
  104  7:28  Overlord x3  
  106  7:30  Zerg Missile Weapons Level 1  
  106  7:44  Overlord  
  106  7:45  Overlord  
  106  7:47  Ravager  
  107  7:51  Extractor x2  
  107  7:52  Drone  
  107  7:53  Drone x4  
  107  7:54  Drone  
  107  7:55  Hydralisk x5  
  118  8:02  Drone x3  
  120  8:09  Hydralisk x4  
  128  8:17  Infestation Pit  
  127  8:32  Overlord  
  127  8:33  Roach x7  
  141  8:34  Overseer  
  141  8:41  Zerg Ground Armor Level 2  
  141  8:47  Overlord  
  141  8:51  Drone x6  
  147  9:00  Hive  
  147  9:01  Hydralisk x4  
  155  9:08  Roach x3  
  155  9:09  Roach  
  163  9:14  Spore Crawler  
  144  9:32  Hydralisk x5  
  144  9:33  Hydralisk x4, Roach  
  141  9:39  Hydralisk  
  141  9:40  Hydralisk x2, Roach  
  143  9:50  Ravager  
  135  9:56  Hydralisk, Roach  
  135  9:57  Hydralisk x2, Roach x5  
  150  10:01  Spore Crawler  
  149  10:10  Ravager x5  
  149  10:13  Viper x4  
  166  10:27  Overlord  
  166  10:28  Overlord x3  
  166  10:37  Hatchery  
  166  10:40  Overseer  
  166  10:41  Overlord  
  165  10:43  Zerg Missile Weapons Level 2  
  165  10:49  Overlord  
  161  10:51  Ravager x6  
  161  10:56  Hydralisk  
  161  10:57  Hydralisk x3, Roach x5  
  168  11:08  Zerg Ground Armor Level 3  
  168  11:15  Roach x4  
  171  11:24  Hatchery  
  167  11:32  Ravager x5  
  172  11:33  Roach  
  172  11:34  Roach x2  
  172  11:38  Drone x11  
  189  11:48  Roach  
  189  11:49  Overlord  
  189  11:50  Overlord  
  191  12:00  Hydralisk  
  191  12:01  Extractor x2, Hydralisk x6, Roach  
  175  12:07  Hydralisk  
  175  12:08  Hydralisk x2  
  179  12:15  Overseer  
  179  12:16  Overseer x2  
  175  12:23  Roach x7  
  185  12:32  Overseer  
  179  12:43  Hydralisk  
  179  12:44  Hydralisk x8  
  171  12:50  Roach Warren  
  186  12:52  Spore Crawler  
  186  12:58  Hydralisk x2  
  189  13:10  Spore Crawler x2  
  187  13:25  Hatchery  
  177  13:28  Hydralisk  
  177  13:29  Hydralisk x7  
  176  13:42  Overlord  
  176  13:43  Overlord x6  
  176  13:47  Spine Crawler  
  167  13:48  Spine Crawler  
  167  13:52  Spine Crawler  
  167  13:54  Viper  
  164  13:56  Overlord  
  164  13:57  Overlord x6  
  162  14:21  Viper x3  
  162  14:22  Viper x2  
  162  14:23  Hatchery  
  178  14:24  Roach x2  
  180  14:32  Roach  
  180  14:33  Roach x3  
  188  14:49  Hydralisk x2  
  188  14:50  Hydralisk x4  
  195  15:03  Zerg Missile Weapons Level 3  
  195  15:15  Hatchery  
  195  15:20  Spore Crawler x3  
  191  15:27  Spore Crawler, Overseer  
  191  15:28  Spore Crawler  
  189  15:29  Overseer  
  189  15:30  Spore Crawler x2  
  187  15:36  Ravager x6  
  187  15:37  Hydralisk x2, Ravager x2  
  199  15:45  Drone  
  194  16:16  Hydralisk x2  
  194  16:17  Hydralisk x3, Roach x2  
  195  16:27  Hydralisk x2  
  199  16:33  Spore Crawler  
  199  16:35  Spore Crawler  
  199  16:36  Spore Crawler  
  199  16:37  Spore Crawler  
  199  16:39  Hydralisk x5  
  200  17:22  Extractor  
  195  17:29  Roach  
  200  17:30  Roach x3  
  200  17:34  Hatchery  
  158  18:03  Hydralisk x13  
  159  18:12  Hydralisk x3  
  129  18:22  Overseer  
  115  18:37  Viper x2  
  121  18:46  Overseer  
  105  19:27  Hatchery  
  99  20:09  Viper x3  
  99  20:10  Viper  
  104  20:56  Hatchery  
  103  21:11  Hydralisk x4  
  103  21:27  Glial Reconstitution  
  103  21:34  Drone x3  
  106  22:03  Hydralisk x2  
  110  22:19  Overseer  
  104  22:24  Overseer  
  104  22:26  Hydralisk x2  
  105  22:46  Drone x2  
  107  22:52  Hydralisk x2  
  107  22:53  Hydralisk  
  113  23:07  Hydralisk  
  105  24:01  Hatchery  
Show
View Real Time Build Order
Export as new Build Order

Miszu Terran - Winner!

Build Orders: Reaper Expand, Hellion Banshee 

Get SALT Encoding   

  12  0:01  SCV  
  13  0:13  SCV  
  14  0:18  Supply Depot  
  14  0:25  SCV  
  15  0:40  SCV  
  15  0:41  Barracks  
  16  0:44  Refinery  
  16  0:52  SCV  
  17  1:04  SCV  
  18  1:16  SCV  
  19  1:27  Reaper  
  19  1:28  Orbital Command  
  20  1:40  Command Center  
  20  1:54  Supply Depot, SCV  
  21  2:00  Marine  
  22  2:06  SCV  
  23  2:10  Factory  
  23  2:17  Refinery  
  23  2:18  SCV  
  24  2:23  Barracks Reactor  
  24  2:30  SCV  
  25  2:42  SCV  
  26  2:52  Orbital Command  
  26  2:54  SCV  
  27  2:59  Starport  
  27  3:05  Barracks Tech Lab  
  27  3:06  Hellion x2, SCV  
  32  3:19  SCV x2  
  34  3:24  Supply Depot  
  34  3:31  SCV  
  34  3:32  Barracks Reactor, SCV  
  36  3:43  SCV  
  36  3:44  SCV  
  36  3:46  Hellion x2  
  41  3:53  Command Center  
  41  3:55  SCV  
  42  3:56  SCV  
  42  3:57  Banshee  
  46  4:07  SCV  
  46  4:08  SCV  
  46  4:09  Refinery  
  48  4:10  Refinery  
  48  4:14  Hellion x2  
  52  4:19  SCV  
  52  4:21  Supply Depot  
  53  4:30  SCV  
  54  4:37  Armory  
  54  4:42  SCV x2  
  54  4:43  Hellion x2  
  60  4:47  Liberator x2  
  60  4:50  Supply Depot  
  60  4:52  Supply Depot  
  60  4:54  SCV x2  
  62  5:05  Orbital Command  
  62  5:07  SCV x2  
  70  5:19  SCV x2  
  70  5:21  Hellion x2  
  76  5:25  Terran Ship Weapons Level 1  
  76  5:30  Liberator x2  
  76  5:31  SCV x2  
  78  5:43  SCV x2  
  78  5:44  Supply Depot  
  78  5:47  Starport  
  78  5:48  Starport  
  86  5:53  Supply Depot  
  86  5:55  SCV x2  
  88  6:02  Orbital Command  
  88  6:07  SCV x2  
  88  6:09  Supply Depot  
  90  6:12  Hellion x2  
  90  6:16  Fusion Core  
  94  6:19  SCV x2  
  94  6:21  Refinery  
  94  6:22  Refinery  
  96  6:27  SCV  
  96  6:28  Liberator x2  
  96  6:31  SCV x2  
  85  6:44  Banshee  
  85  6:45  Starport Tech Lab  
  85  6:46  Hellion x2  
  93  6:56  SCV x3  
  96  7:01  Cloaking Field  
  96  7:06  Banshee  
  96  7:07  Command Center  
  96  7:08  SCV x2  
  101  7:15  Hellion x2  
  105  7:16  SCV  
  105  7:20  SCV  
  107  7:23  Hyperflight Rotors  
  107  7:25  Terran Ship Weapons Level 2  
  107  7:27  Banshee  
  107  7:29  Starport  
  110  7:30  Starport  
  110  7:41  Supply Depot x2  
  110  7:43  Factory, Hellion x2  
  114  7:45  Liberator  
  114  7:51  Banshee  
  117  8:04  Supply Depot, Hellion x2  
  124  8:06  Supply Depot  
  124  8:13  Banshee  
  124  8:18  Starport Tech Lab x2  
  127  8:25  Hellion  
  127  8:26  Hellion  
  131  8:29  Supply Depot  
  131  8:31  Supply Depot  
  131  8:33  Factory Tech Lab  
  131  8:34  Banshee  
  128  8:37  Armory  
  131  8:49  Banshee x2  
  131  8:50  Engineering Bay, Viking  
  131  8:51  Viking  
  131  8:54  Supply Depot  
  131  8:55  Supply Depot  
  141  8:56  Banshee  
  141  8:58  Supply Depot, Infernal Pre-Igniter  
  141  9:00  Hellion x2, Command Center  
  148  9:06  Refinery  
  148  9:09  Refinery  
  148  9:10  Hellion  
  148  9:15  Planetary Fortress  
  148  9:16  Supply Depot  
  150  9:21  Hellion x2  
  124  9:31  Hellion  
  124  9:41  Banshee x4  
  124  9:45  Hellion x2  
  140  9:53  Hellion  
  139  10:01  SCV x4  
  139  10:05  Terran Vehicle And Ship Armor Level 1  
  139  10:06  Hellion  
  145  10:10  Terran Ship Weapons Level 3  
  145  10:13  SCV x4  
  150  10:24  Banshee  
  150  10:25  Hellion x2, SCV x4, Banshee  
  150  10:27  Hellion  
  163  10:37  SCV x3  
  163  10:38  SCV, Banshee x2  
  163  10:40  Viking x2  
  177  10:48  Hellion  
  179  11:00  Advanced Ballistics  
  176  11:05  Command Center  
  176  11:07  Viking  
  176  11:08  Viking  
  176  11:09  Hellion x3  
  186  11:16  Viking x2  
  190  11:21  Viking  
  188  11:30  Hellion  
  188  11:32  Viking  
  192  11:37  Viking  
  194  11:43  Building Armor  
  194  11:54  Refinery  
  194  11:55  Refinery, Missile Turret x2  
  147  12:07  Banshee x3  
  147  12:08  Banshee  
  135  12:14  Hellion x2  
  131  12:21  Viking x2  
  127  12:34  Hellion  
  114  12:50  Banshee x2  
  114  12:51  Banshee x2  
  120  12:52  Viking, Hellion x2  
  120  12:53  Viking  
  120  12:56  Hellion  
  136  13:08  Planetary Fortress  
  136  13:09  SCV x3  
  139  13:13  Hellion  
  139  13:14  Hellion, Command Center  
  143  13:21  SCV x3  
  143  13:22  Viking x2  
  146  13:45  SCV  
  147  13:49  Banshee x2  
  147  13:50  Banshee x2  
  147  13:53  Terran Vehicle And Ship Armor Level 2  
  147  13:54  Terran Vehicle Weapons Level 1  
  155  14:09  Hellion  
  153  14:10  Hellion x2  
  153  14:19  SCV  
  153  14:20  SCV x3  
  157  14:25  Orbital Command  
  157  14:31  SCV  
  157  14:32  SCV x3, Banshee x2  
  157  14:33  Banshee  
  164  14:49  Viking  
  164  14:50  Viking x2  
  170  14:58  Liberator x2  
  170  15:08  Supply Depot x3  
  170  15:12  Liberator x2  
  170  15:21  Banshee  
  179  15:29  Banshee  
  188  15:41  Liberator  
  188  15:44  Hellion x2  
  188  15:45  Hellion  
  194  15:55  Liberator  
  194  15:58  Banshee  
  170  16:45  Liberator x5  
  168  16:49  Hellion x2  
  168  16:52  Command Center  
  187  17:22  Viking  
  187  17:23  Hellion  
  188  17:47  Hellion  
  188  17:53  Hellion  
  188  17:54  Hellion  
  141  18:11  Banshee x4  
  153  18:14  Hellion  
  153  18:17  Viking x2  
  159  18:31  Hellion x2  
  163  18:35  Hellion  
  163  18:37  Command Center  
  165  18:47  Viking  
  167  18:52  Hellion x2  
  171  18:57  Hellion  
  173  19:25  Viking x2, Banshee x2  
  183  19:37  Orbital Command  
  183  19:42  Viking  
  185  19:53  Refinery  
  181  20:41  Orbital Command  
  148  21:21  Planetary Fortress  
  148  21:23  Battlecruiser x2  
  152  21:36  Terran Vehicle And Ship Armor Level 3  
  152  21:40  SCV  
  152  21:41  SCV x3  
  156  21:52  SCV  
  156  21:53  SCV x3  
  157  21:57  SCV  
  158  22:04  SCV  
  158  22:05  SCV  
  156  22:16  SCV  
  155  22:29  SCV  
  148  22:41  Viking x4  
  148  22:42  Viking  
  156  23:05  Battlecruiser  
  161  23:34  Orbital Command  
  155  23:42  SCV x3  
  158  23:54  SCV x2  
Tags
 
Add a new tag
Caveats
  • Supply blocks, unpowered buildings, or Contaminate may cause inaccurate times.
  • Supply counts are checked every 10 seconds.